 Dungeon Crawl Stone Soup version 0.32-a0-886-g41c5271027 (webtiles) character file.

Game seed: 11560939022637227892

102 Lanoc the Slasher (level 4, 0/52 HPs)
             Began as a Coglin Chaos Knight on Apr 2, 2024.
             Was a Plaything of Xom.
             Slain by a quasit (1 damage)
             ... summoned by Xom
             ... on level 2 of the Dungeon.
             The game lasted 00:01:46 (1152 turns).

Lanoc the Slasher (Coglin Chaos Knight)             Turns: 1152, Time: 00:01:46

Health: 0/52       AC: 29    Str: 12    XL:     4   Next: 78%
Magic:  4/4        EV:  2    Int: 11    God:    Xom [....*.]
Gold:   39         SH:  0    Dex: 16    Spells: 3/3 levels left

rFire   . . .        a - +0 falchion (chaos) {Sizwe}
rCold   . . .        f - +1 dagger (protect) {Ekveer}
rNeg    . . .        b - melded +2 leather armour
rPois   +            (helmet currently unavailable)
rElec   .            (cloak currently unavailable)
rCorr   .            (gloves currently unavailable)
SInv    .            (boots currently unavailable)
Will    .....        (no amulet) Stlth
                     (no ring)
HPRegen 0.28/turn    (no ring)
MPRegen 0.09/turn    (no gizmo)

%: no passive effects
@: mighty, tree-form, silenced, under a protective aura, revved
A: stationary, stasis, torment immunity, boosted hp, off-hand wielding, slow
wielding, warmup strikes, (no jewellery)
a: Invent Gizmo, Renounce Religion


You were on level 2 of the Dungeon.
You worshipped Xom.
You were a beloved toy of Xom.
You were a tree.
You visited 1 branch of the dungeon, and saw 2 of its levels.

You collected 39 gold pieces.

Inventory:

Hand Weapons
 a - a +0 falchion of chaos (weapon) {Sizwe}
 f - a +1 dagger of protection (offhand) {Ekveer}
Armour
 b - a +2 leather armour (melded)
Scrolls
 c - a scroll of butterflies
 e - a scroll of poison
 h - a scroll of amnesia {unknown}
 k - a scroll of teleportation {unknown}
 m - 2 scrolls of identify {unknown}
Potions
 l - a potion of haste {unknown}
 n - 2 potions of degeneration {unknown}


   Skills:
 + Level 3.5 Fighting
 * Level 4.1 Long Blades
 + Level 2.5 Armour
 + Level 1.8 Dodging


You had 3 spell levels left.
You didn't know any spells.
Your spell library contained the following spells:

 Spells                   Type           Power      Damage    Failure   Level
 Freeze                   Ice            0%         1d3       34%         1
 Frozen Ramparts          Ice            0%         1d1       71%         3
 Hailstorm                Conj/Ice       0%         3d5       71%         3


Dungeon Overview and Level Annotations

Branches:
Dungeon (2/15)

Altars:
Fedhas


Innate Abilities, Weirdness & Mutations

You are a tree.
Your roots penetrate the ground, keeping you stationary.
You cannot be teleported.
You are immune to unholy pain and torment.
Your maximum health is greatly increased.
Your equipment is partially melded.
You can wield a second weapon in your off-hand.
It takes a long time for you to wield or remove held weapons.
Your first few attacks do less damage.
((You cannot equip rings or amulets.))


Message History

You closely miss the hellwing with your +1 dagger of protection.
The hellwing is lightly wounded.
You hit the hellwing but do no damage.
The quasit bites you but does no damage.
The quasit claws you but does no damage. x2
The orange demon stings you but does no damage.
The hellwing hits you but does no damage.
The hellwing completely misses you.
You barely miss the hellwing with your +1 dagger of protection.
The hellwing is lightly wounded.
You closely miss the hellwing with your +0 falchion of chaos.
The quasit bites you but does no damage.
The quasit claws you but does no damage. x2
The quasit bites you but does no damage.
The quasit claws you but does no damage. x2
The hellwing hits you but does no damage. x2
The orange demon stings you from afar!
* * * LOW HITPOINT WARNING * * *
You closely miss the hellwing with your +0 falchion of chaos.
The hellwing is lightly wounded.
You hit the hellwing but do no damage.
The quasit bites you but does no damage.
The quasit claws you but does no damage. x2
The hellwing hits you but does no damage. x2
The orange demon stings you but does no damage.
You closely miss the hellwing with your +0 falchion of chaos.
The hellwing is lightly wounded.
You hit the hellwing but do no damage. The quasit bites you.
* * * LOW HITPOINT WARNING * * *
The quasit claws you but does no damage. x2
The hellwing hits you but does no damage. x2
The orange demon stings you but does no damage.
You hit the hellwing but do no damage.
The hellwing is lightly wounded.
You hit the hellwing but do no damage.
The quasit bites you but does no damage.
The quasit claws you but does no damage. x2
The quasit bites you.
You die... "Huh?
Did I miss anything?"

#..#............#..##.##.#
.#.######.#..######.#○.#..##.##.#
...................○.............
.#.#####.....######§##.....#.##..
#.# #.....# #○°.........#.##..
#.# #†....###○§..###....#.###.
#.#####.....+.○.4.........<.#.÷.
#...........###5#.###.#..#....##
#...........# #♣#.# #.#..#...##
##...........# #4#.# #.#..#...#
.............# #☼#.# #.#.....####
#.#..........# #§#.# #.#.........
#.#..........# #☼#.###.#....#####
#.#..........# #°#........#.# #..
#.######.....# #§#)....#..#.# #..
#..#####.....# #°#..##.#.##.# #..
##......#+#### #.#........#.# #..


You could see an orange demon (summoned), a hellwing (summoned) and a quasit
(summoned).

Vanquished Creatures
  Natasha (D:2)
  A gnoll (D:1)
  An adder (D:2)
  A ribbon worm (D:2)
  A dart slug (D:2)
  3 endoplasms
  3 giant cockroaches
  9 goblins
  4 hobgoblins
  5 jackals (D:2)
  6 kobolds
  2 quokkas
  3 ball pythons
  6 bats
  A frilled lizard (D:1)
  2 rats
49 creatures vanquished.

Notes
Turn   | Place    | Note
-------+----------+-------------------------------------------
     0 | D:1      | Lanoc the Coglin Chaos Knight began the quest for the Orb.
     0 | D:1      | Reached XP level 1. HP: 18/18 MP: 1/1
   115 | D:1      | Reached skill level 1 in Dodging
   143 | D:1      | Reached XP level 2. HP: 14/24 MP: 2/2
   251 | D:1      | Reached XP level 3. HP: 26/29 MP: 3/3
   259 | D:1      | XOM: noise
   572 | D:2      | Found a blossoming altar of Fedhas.
   630 | D:2      | Reached XP level 4. HP: 35/35 MP: 4/4
   808 | D:2      | Noticed Natasha
   814 | D:2      | Killed Natasha
   815 | D:2      | Reached skill level 4 in Long Blades
  1138 | D:2      | XOM: summons 3 hostile demons
  1139 | D:2      | Noticed a hellwing
  1139 | D:2      | Noticed an orange demon
  1139 | D:2      | XOM: butterfly on damage
  1149 | D:2      | HP: 1/52 [orange demon[Xom] (8)]
  1152 | D:2      | Slain by a quasit

Illustrated notes

Levels and vault maps discovered:
D:1:      dpeg_arrival_round_b, layout_rooms, minmay_3d_cube
D:2:      layout_basic, basic_altar, uniq_natasha

Skill      XL: |  1  2  3  4 |
---------------+-------------+-----
Dodging        | 1 |  1.8
Armour         | 2 |  2.5
Long Blades    | 4 |  4.1
Fighting       | |  3.5

Action                     |  1- 3 |  4- 6 || total
---------------------------+-------+-------++-------
  Melee: Falchion          |    57 |    43 ||   100
         Dagger            |    53 |    40 ||    93
    Use: Potion            |       |     3 ||     3
         Scroll            |       |     2 ||     2
   Stab: Paralysed         |     1 |       ||     1
 Armour: Leather armour    |    36 |    36 ||    72
         Skin              |       |    55 ||    55
  Dodge: Dodged            |    41 |    34 ||    75

Table legend: (Time is in decaauts)
 A = Elapsed time spent in this place.
 B = Non-inter-level travel time spent in this place.
 C = Inter-level travel time spent in this place.
 D = Time resting spent in this place.
 E = Time spent auto-exploring this place.
 F = Levels seen in this place.
 G = Mean time per level.
                   A        B        C        D        E       F      G
               +--------+--------+--------+--------+--------+-----+--------+
         Total |   1153 |   1150 |      3 |      0 |    872 |   2 |  576.5 |
       Dungeon |   1153 |   1150 |      3 |      0 |    872 |   2 |  576.5 |
               +--------+--------+--------+--------+--------+-----+--------+

Top non-repeatable levels by time:
     D:2: 587 daAuts
     D:1: 565 daAuts
